 Dungeon Crawl Stone Soup version 0.29.0-4-gdea44cf6ec (webtiles) character file.

Game seed: 10856411680549754801

77 qw the Chopper (level 4, -2/26 HPs)
             Began as a Tengu Warper on Aug 28, 2022.
             Killed from afar by Natasha (8 damage)
             ... with a magic dart
             ... on level 2 of the Dungeon.
             The game lasted 00:00:08 (1663 turns).

qw the Chopper (Tengu Warper)                       Turns: 1663, Time: 00:00:09

Health: -2/26      AC:  5    Str: 13    XL:     4   Next: 34%
Magic:  8/8        EV: 11    Int: 13    God:
Gold:   25         SH:  0    Dex: 14    Spells: 7/7 levels left

rFire   . . .      SeeInvis .   Y - +0 hand axe
rCold   . . .      Faith    .   (no shield)
rNeg    . . .      Spirit   .   i - +0 ring mail
rPois   .          Reflect  .   (helmet restricted)
rElec   .          Harm     .   (no cloak)
rCorr   .          Rampage  .   (no gloves)
Will    .....                   (boots unavailable)
Stlth   +.........              (no amulet)
HPRegen 0.08/turn               (no ring)
MPRegen 0.11/turn               (no ring)

@: no status effects
A: beak, talons 3
a: no special abilities


You were on level 2 of the Dungeon.
You visited 1 branch of the dungeon, and saw 2 of its levels.

You collected 25 gold pieces.


Innate Abilities, Weirdness & Mutations

You have a beak for a mouth.
You have claws for feet.


   Skills:
 - Level 2.0 Fighting
 + Level 4.9 Axes
 - Level 1.0 Throwing
 - Level 1.1 Armour
 - Level 2.1 Dodging
 - Level 2.0 Spellcasting
 - Level 2.4 Translocations


You had 7 spell levels left.
You didn't know any spells.
Your spell library contained the following spells:

 Spells                   Type           Power      Damage    Failure   Level
 Blink                    Tloc           14%        N/A       30%         2
 Gell's Gravitas          Tloc           7%         N/A       52%         3
 Lesser Beckoning         Tloc           7%         N/A       52%         3
 Teleport Other           Tloc           7%         N/A       52%         3
 Manifold Assault         Tloc           7%         N/A       99%         5

Inventory:

Hand Weapons
 a - a +0 mace
 Y - a +0 hand axe (weapon)
Armour
 i - a +0 ring mail (worn)
Scrolls
 b - 3 scrolls of fear {unknown}
Potions
 c - a potion of brilliance {unknown}
 h - a potion of curing {unknown}

Dungeon Overview and Level Annotations

Branches:
Dungeon (2/15)

Altars:

Annotations:
D:2 Natasha


Message History

You hit the jackal. Your peck misses the jackal.
The jackal is almost dead.
The jackal bites you but does no damage.
You hit the jackal.
You kill the jackal!
You start resting.
Natasha, Servant of Life and Death comes into view.
1641 ||| FLEEEEING.
Natasha hisses angrily.
Natasha mumbles some strange words.
You see here a jackal corpse.
1642 ||| FLEEEEING.
1643 ||| FLEEEEING.
Natasha stares at you and mumbles some strange words.
The magic dart hits you!
1644 ||| FLEEEEING.
1645 ||| FLEEEEING.
1646 ||| FLEEEEING.
Natasha mumbles some strange words.
1647 ||| FLEEEEING.
1648 ||| FLEEEEING.
1651 ||| FLEEEEING.
The crimson imp blinks!
1652 ||| FLEEEEING.
1657 ||| FLEEEEING.
The crimson imp blinks!
1658 ||| FLEEEEING.
1659 ||| FLEEEEING.
Natasha stares at you and mumbles some strange words.
The magic dart hits you.
You see here a +0 ring mail.
1660 ||| FLEEEEING.
Natasha casts a spell at you. The magic dart hits you.
1661 ||| FLEEEEING.
1662 ||| FLEEEEING.
1663 ||| FLEEEEING.
Natasha stares at you and mumbles some strange words.
The magic dart hits you!
You die...

# #..#.######### #.##. #
###..#.# #... # ..#..#.#
#..# #.#..#.# #..#
#.#..#.# #..#
###.#..#.###########..#
.##.#..#..............#
.##.#..##############.#
.##'#...5h..[...@.....#
...ยค.#+################
#...%........
#............
#............
#............
#####5....... #.h......
#...5....


You could see Natasha.

Vanquished Creatures
  Natasha (D:2)
  An adder (D:2)
  A worm (D:2)
  2 dart slugs
  3 ball pythons (D:2)
  4 endoplasms
  3 giant cockroaches (D:2)
  3 goblins
  5 hobgoblins
  3 jackals (D:2)
  3 kobolds (D:1)
  2 bats (D:1)
  2 rats
33 creatures vanquished.

Vanquished Creatures (others)
  6 plants (D:2)
6 creatures vanquished.

Grand Total: 39 creatures vanquished

Notes
Turn   | Place    | Note
-------+----------+-------------------------------------------
     0 | D:1      | qw the Tengu Warper began the quest for the Orb.
     0 | D:1      | Reached XP level 1. HP: 12/12 MP: 4/4
     0 | D:1      | 0 ||| qw: Version: 0.1-a-89-g26bdef1
     0 | D:1      | 0 ||| qw: Game counter: 1793
     0 | D:1      | 0 ||| qw: Always use a shield: true
     0 | D:1      | 0 ||| qw: God list: Okawaru
     0 | D:1      | 0 ||| qw: Allow faded altars: false
     0 | D:1      | 0 ||| qw: Do Orc after D:15 true
     0 | D:1      | 0 ||| qw: Do second Lair branch before Depths: true
     0 | D:1      | 0 ||| qw: Lair rune preference: random
     0 | D:1      | 0 ||| qw: Plans: Normal
     0 | D:1      | 0 ||| PLANNING D:1-11
    12 | D:1      | 12 ||| Stepping ~*~*~tactically~*~*~ (stealth).
   179 | D:1      | Reached XP level 2. HP: 13/17 MP: 6/6
   180 | D:1      | Reached skill level 3 in Axes
   354 | D:1      | 354 ||| Stepping ~*~*~tactically~*~*~ (stealth).
   406 | D:1      | 406 ||| Stepping ~*~*~tactically~*~*~ (stealth).
   542 | D:1      | Found a faded altar of an unknown god.
   721 | D:1      | 721 ||| UPGRADING to +0 ring mail.
   731 | D:1      | 731 ||| DROPPING +0 leather armour.
   732 | D:1      | 732 ||| READING scroll labelled PUXION TUHA.
   733 | D:1      | 733 ||| READING scroll labelled KAUNYPT MYFYPI.
   734 | D:1      | 734 ||| READING scroll labelled HERANOTIBB.
   874 | D:1      | 874 ||| DRINKING 2 ruby potions.
   911 | D:1      | 911 ||| DROPPING scroll of blinking.
   912 | D:1      | 912 ||| DROPPING potion of lignification.
   927 | D:2      | 927 ||| FLEEEEING.
   928 | D:2      | 928 ||| STAIRDANCE
  1021 | D:2      | 1021 ||| Stepping ~*~*~tactically~*~*~ (hiding).
  1173 | D:2      | Noticed Natasha
  1181 | D:2      | Noticed a crimson imp
  1181 | D:2      | Killed Natasha
  1182 | D:2      | Reached skill level 4 in Axes
  1182 | D:2      | Reached XP level 3. HP: 21/21 MP: 7/7
  1476 | D:2      | 1476 ||| DROPPING +0 club.
  1517 | D:2      | Reached XP level 4. HP: 26/26 MP: 8/8
  1640 | D:2      | Noticed Natasha
  1641 | D:2      | 1641 ||| FLEEEEING.
  1642 | D:2      | 1642 ||| FLEEEEING.
  1643 | D:2      | 1643 ||| FLEEEEING.
  1644 | D:2      | 1644 ||| FLEEEEING.
  1645 | D:2      | 1645 ||| FLEEEEING.
  1646 | D:2      | 1646 ||| FLEEEEING.
  1647 | D:2      | 1647 ||| FLEEEEING.
  1648 | D:2      | 1648 ||| FLEEEEING.
  1651 | D:2      | 1651 ||| FLEEEEING.
  1652 | D:2      | 1652 ||| FLEEEEING.
  1657 | D:2      | 1657 ||| FLEEEEING.
  1658 | D:2      | 1658 ||| FLEEEEING.
  1659 | D:2      | 1659 ||| FLEEEEING.
  1660 | D:2      | 1660 ||| FLEEEEING.
  1660 | D:2      | HP: 5/26 [Natasha/magic dart (5)]
  1661 | D:2      | 1661 ||| FLEEEEING.
  1662 | D:2      | 1662 ||| FLEEEEING.
  1663 | D:2      | 1663 ||| FLEEEEING.
  1663 | D:2      | Killed from afar by Natasha

Levels and vault maps discovered:
D:1:      tarquinn_simple_flora_water_f, layout_rooms,
          ebering_ecumenical_altar_box
D:2:      layout_basic, basic_altar, serial_bayou_pond_c, uniq_natasha

Skill      XL: |  1  2 |
---------------+-------+-----
Axes           | 4 |  4.9
Fighting       | |  2.0
Throwing       | |  1.0
Armour         | |  1.1
Dodging        | |  2.1
Spellcasting   | |  2.0
Translocations | |  2.4

Action                   |  1- 3 |  4- 6 || total
-------------------------+-------+-------++-------
Melee: Hand axe          |    50 |    20 ||    70
       Peck              |    10 |     1 ||    11
       Kick              |    12 |     4 ||    16
       Punch             |     1 |       ||     1
Throw: Boomerang         |     7 |       ||     7
  Use: Scroll            |     3 |       ||     3
       Potion            |     1 |       ||     1
Armor: Leather armour    |     6 |       ||     6
       Ring mail         |     3 |     5 ||     8
Dodge: Dodged            |    30 |    11 ||    41

Table legend:
 A = Non-vault XP
 B = Vault XP
 C = Vault XP percentage of total XP
 D = Non-vault monster count
 E = Vault monster count
 F = Vault count percentage of total count
                 A         B        C        D         E       F
            +---------+---------+-------+---------+---------+-------
      Total |      76 |      35 |  31.5 |      32 |       1 |   3.0
            +---------+---------+-------+---------+---------+-------
        D:1 |      24 |       0 |   0.0 |      13 |       0 |   0.0
        D:2 |      52 |      35 |  40.2 |      19 |       1 |   5.0
            +---------+---------+-------+---------+---------+-------
